 Dungeon Crawl Stone Soup version 0.25-a0-435-g4b9beb1024 (webtiles) character file.

Game seed: 116313706870212433, levelgen mode: deterministic

869 Nattfarinn the Summoner (level 8, -1/36 HPs)
             Began as a Tengu Summoner on Jan 26, 2020.
             Was a Follower of Hepliaklqana.
             Slain by a centaur (7 damage)
             ... on level 6 of the Dungeon.
             The game lasted 00:12:59 (6808 turns).

Nattfarinn the Summoner (Tengu Summoner)            Turns: 6808, Time: 00:13:00

Health: -1/36      AC:  7    Str:  8    XL:     8   Next: 3%
Magic:  8/15       EV: 13    Int: 17    God:    Hepliaklqana [*.....]
Gold:   324        SH:  0    Dex: 16    Spells: 9/15 levels left

rFire    + . .     SeeInvis .   e - +2 dagger (freeze)
rCold    x . .     Gourm    .   (no shield)
rNeg     . . .     Faith    .   m - +0 ring mail
rPois    +         Spirit   .   (helmet restricted)
rElec    .         Reflect  .   (no cloak)
rCorr    .         Harm     .   g - +0 pair of gloves
MR       .....                  (boots unavailable)
Stlth    +.........             (no amulet)
HPRegen  0.12/turn              r - ring of fire
MPRegen  0.14/turn              z - ring of poison resistance

@: flying quickly and evasively, quick
A: reduced essence, beak, talons 3, able to fly
a: Stop Flying, Recall Ancestor, Ancestor Identity, Renounce Religion


You were on level 6 of the Dungeon.
You worshipped Hepliaklqana.
Hepliaklqana was aware of your devotion.
You were not hungry.

You visited 1 branch of the dungeon, and saw 6 of its levels.

You collected 324 gold pieces.

Inventory:

Hand Weapons
 d - a +0 dagger
 e - a +2 dagger of freezing (weapon)
Armour
 a - a +0 robe
 g - a +0 pair of gloves (worn)
 m - a +0 ring mail (worn)
Jewellery
 r - a ring of fire (left hand)
 z - a ring of poison resistance (right hand)
Wands
 w - a wand of clouds (5)
Scrolls
 b - 2 scrolls of identify {unknown}
 i - 4 scrolls of teleportation {unknown}
 j - a scroll of random uselessness {unknown}
 l - a scroll of enchant armour {unknown}
 o - 3 scrolls of remove curse {unknown}
 q - 2 scrolls of enchant weapon {unknown}
 u - 3 scrolls of immolation {unknown}
 y - a scroll of summoning {unknown}
Potions
 f - 2 potions of brilliance {unknown}
 h - 2 potions of mutation {unknown}
 k - 2 potions of might {unknown}
 n - a potion of heal wounds {unknown}
 p - a potion of degeneration {unknown}
 s - a potion of agility {unknown}
 t - 2 potions of curing
 v - a potion of lignification {unknown}
 x - a potion of haste
Comestibles
 c - 15 rations
 A - 3 chunks of flesh


   Skills:
 * Level 5.9 Armour
 - Level 2.1 Dodging
 - Level 2.0 Stealth
 + Level 4.0 Spellcasting
 * Level 8.2 Summonings


You had 9 spell levels left.
You knew the following spells:

 Your Spells              Type           Power        Failure   Level  Hunger
a - Summon Small Mammal   Summ           ####         1%          1    None
b - Call Imp              Summ           ####....     2%          2    ##.....
c - Call Canine Familiar  Summ           ####....     4%          3    ###....

Your spell library contained the following spells:

 Spells                   Type           Power        Failure   Level  Hunger
 Summon Guardian Golem    Hex/Summ       ###.....     24%         3    ###....
 Summon Ice Beast         Ice/Summ       ###.....     61%         4    ####...
 Summon Lightning Spire   Summ/Air       ###.....     61%         4    ####...


Dungeon Overview and Level Annotations

Branches:
Dungeon (6/15)
 Temple: D:4-7

Altars:
Ashenzari
Elyvilon
Hepliaklqana
Kikubaaqudgha
Xom

Shops:
D:5 (

Annotations:
D:5 3 runed translucent doors, Piu's ghost, amateur DsFi; Tegun's ghost, novice OgFi


Innate Abilities, Weirdness & Mutations

You have a beak for a mouth.
You have claws for feet.
You can fly continuously.
Your life essence is reduced to manifest your ancestor. (-10% HP)


Message History

Your crimson imp hits the orc.
The centaur unwields a +0 shortbow.
The centaur hits you but does no damage.
The orc hits you from afar with a +0 trident.
* * * LOW HITPOINT WARNING * * *
Unknown command.
You hit the centaur. You freeze the centaur.
You claw the centaur, but do no damage.
The centaur is moderately wounded.
The quokka bites you but does no damage.
Your hound bites the quokka.
The quokka dies!
Appius hits the centaur but does no damage.
The centaur hits you.
* * * LOW HITPOINT WARNING * * *
Your hound bites the centaur.
Your crimson imp barely misses the orc.
You completely miss the centaur. You claw the centaur.
You peck the centaur, but do no damage.
The centaur is heavily wounded.
The orc barely misses you. The centaur hits you!
You die...

.....#
#.)######.#.#.#
....)#
#...R.....#.#.#
######
###.#######)#.#
....# #..#
..#+# ###.#
##.## .....
###.# #..# ...
..#.# #####.###
.. #.#.#
#.....$R#.#
#...#
#+##.oc@†.#
#####
.....#5h###
......#..#
....###.## ....
#.# .... #.# ..
#.# ..


You could see the friendly Appius the ancestor, a centaur, an orc, a friendly
hound and a friendly crimson imp.

Vanquished Creatures
  A scorpion (D:6)
  2 crimson imps (D:5)
  An orc wizard (D:4)
  3 worker ants
  3 iguanas
  7 adders
  An ooze (D:2)
  A worm (D:4)
  A dart slug (D:1)
  2 leopard geckos
  5 orcs
  10 bats
  3 giant cockroaches
  5 goblins
  7 hobgoblins
  6 jackals
  6 kobolds
  2 quokkas
  4 frilled lizards
  5 rats
75 creatures vanquished.

Vanquished Creatures (collateral kills)
  An ice beast (D:5)
  2 ogres
  A bullfrog (D:6)
  A crimson imp (D:6)
  An orc priest (D:5)
  A hound (D:5)
  2 orc wizards (D:4)
  Robin (D:2)
  4 gnolls (D:4)
  3 adders
  A shadow imp (D:5)
  An ooze (D:2)
  2 worms
  2 dart slugs
  A leopard gecko (D:4)
  10 orcs
  3 bats
  8 goblins (D:2)
  5 hobgoblins
  2 jackals
  A quokka (D:6)
  A frilled lizard (D:5)
  6 kobolds
60 creatures vanquished.

Grand Total: 135 creatures vanquished

Notes
Turn   | Place    | Note
-------+----------+-------------------------------------------
     0 | D:1      | Nattfarinn the Tengu Summoner began the quest for the Orb.
     0 | D:1      | Reached XP level 1. HP: 10/10 MP: 4/4
   472 | D:1      | Reached skill level 5 in Summonings
   506 | D:1      | Reached XP level 2. HP: 15/15 MP: 6/6
   510 | D:1      | Reached skill level 1 in Armour
  1185 | D:1      | Reached XP level 3. HP: 19/19 MP: 7/7
  1305 | D:1      | Learned a level 2 spell: Call Imp
  2063 | D:2      | Found a shimmering altar of Xom.
  2151 | D:2      | Reached XP level 4. HP: 24/24 MP: 2/8
  2155 | D:2      | Noticed Robin
  2172 | D:2      | Killed Robin
  3004 | D:3      | Gained mutation: You can fly continuously. [Tengu growth]
  3004 | D:3      | Reached XP level 5. HP: 23/28 MP: 10/10
  3120 | D:3      | Learned a level 3 spell: Call Canine Familiar
  3123 | D:3      | Reached skill level 6 in Summonings
  4346 | D:4      | Found an ancient bone altar of Kikubaaqudgha.
  4348 | D:4      | Found a white marble altar of Elyvilon.
  4350 | D:4      | Found a shattered altar of Ashenzari.
  4364 | D:4      | Reached XP level 6. HP: 8/32 MP: 1/11
  5036 | D:4      | Found a hazy altar of Hepliaklqana.
  5129 | D:4      | Became a worshipper of Hepliaklqana the Forgotten
  5149 | D:5      | Entered Level 5 of the Dungeon
  5239 | D:5      | Reached skill level 7 in Summonings
  5526 | D:5      | Found Narol's Weapon Shoppe.
  5725 | D:5      | Reached XP level 7. HP: 32/32 MP: 10/13
  5771 | D:5      | Reached skill level 5 in Armour
  6243 | D:5      | Found a runed translucent gate.
  6243 | D:5      | Found a runed translucent gate.
  6244 | D:5      | Found a runed translucent gate.
  6245 | D:5      | Noticed Piu's ghost (amateur DsFi)
  6245 | D:5      | Noticed Tegun's ghost (novice OgFi)
  6611 | D:6      | Reached skill level 8 in Summonings
  6796 | D:6      | Reached * piety under Hepliaklqana
  6802 | D:6      | Reached XP level 8. HP: 23/36 MP: 13/15
  6808 | D:6      | Slain by a centaur

Levels and vault maps discovered:
D:1:      shiori_arrival_maze, layout_loops_ring
D:2:      layout_basic, nicolae_overflow_crystal_walls, uniq_robin
D:3:      layout_basic
D:4:      layout_loops_ring, lemuel_round_altar, grunt_temple_overflow_open,
          first_ration
D:5:      layout_basic, gammafunk_ghost_cemetery, kennysheep_windowed_goal
D:6:      layout_basic, dancing_weapons_uskayaw,
          lemuel_zombie_altar_yredelemnul, uniq_pikel

Skill      XL: |  1  2  3  4  5  6  7 |
---------------+----------------------+-----
Summonings     | 5 6 7 8 |  8.2
Armour         | 1 2 3 4 5 |  5.9
Spellcasting   | 3 4 |  4.0
Dodging        | |  2.1
Stealth        | |  2.0

Action                   |  1- 3 |  4- 6 |  7- 9 || total
-------------------------+-------+-------+-------++-------
Melee: Dagger            |    69 |   215 |    44 ||   328
       Unarmed           |     9 |       |       ||     9
       Kick              |    23 |    30 |    11 ||    64
       Peck              |    11 |    23 |     2 ||    36
 Cast: Summon Small Mamm |    10 |     1 |       ||    11
       Call Imp          |     9 |    15 |     7 ||    31
       Call Canine Famil |       |     9 |     7 ||    16
Invok: Recall Ancestor   |       |       |     2 ||     2
 Abil: Fly               |       |     1 |       ||     1
  Use: Potion            |     2 |     1 |       ||     3
 Stab: Sleeping          |     3 |       |       ||     3
       Distracted        |       |     1 |     1 ||     2
  Eat: Chunk             |     4 |    13 |     1 ||    18
       Ration            |       |       |     1 ||     1
Armor: Robe              |    24 |     4 |       ||    28
       Ring mail         |       |    75 |    14 ||    89
Dodge: Dodged            |    83 |   117 |    31 ||   231

Table legend:
 A = Non-vault XP
 B = Vault XP
 C = Vault XP percentage of total XP
 D = Non-vault monster count
 E = Vault monster count
 F = Vault count percentage of total count
                 A         B        C        D         E       F
            +---------+---------+-------+---------+---------+-------
      Total |    1208 |      34 |   2.7 |     118 |      17 |  12.6
            +---------+---------+-------+---------+---------+-------
        D:1 |      40 |       4 |   9.1 |      24 |       2 |   7.7
        D:2 |      64 |      23 |  26.4 |      23 |      13 |  36.1
        D:3 |     101 |       0 |   0.0 |      31 |       0 |   0.0
        D:4 |     256 |       0 |   0.0 |      21 |       0 |   0.0
        D:5 |     445 |       7 |   1.5 |      13 |       2 |  13.3
        D:6 |     302 |       0 |   0.0 |       6 |       0 |   0.0
            +---------+---------+-------+---------+---------+-------
